 Dungeon Crawl Stone Soup version 0.20-a0-386-g2d247ea (console) character file.

1 Lightli the Conqueror (level 1, 38/38 HPs) *WIZ*
             Began as a Spriggan Fighter on June 1, 2020.
             Quit the game on level 1 of the Dungeon.
             The game lasted 00:02:20 (177 turns).

Lightli the Conqueror (Spriggan Fighter)             Turns: 177, Time: 00:02:20

Health: 38/38      AC: 32    Str: 125   XL:     1   Next: 16%
Magic:  29/29      EV: 60    Int: 125   God:    No God 0 (0)
Gold:   10         SH: 32    Dex: 125   Spells: 54/54 levels left

rFire  . . .     SeeInvis +     a - +0 rapier
rCold  . . .     Gourm    .     e - +10 pearl dragon scales
rNeg   + . .     Faith    .     c - +0 buckler
rPois  .         Spirit   .     (helmet restricted)
rElec  .         Reflect  .     (no cloak)
rCorr  .         Harm     .     (gloves unavailable)
MR     .....                    (boots unavailable)
Stlth  ++++++++++               (no amulet)
                                (no ring)
                                (no ring)

@: very quick
A: unfitting armour, see invisible, herbivore 3, speed 3, slow metabolism 2
a: no special abilities


You were on level 1 of the Dungeon.
You were not hungry.

You visited 1 branch of the dungeon, and saw 1 of its levels.

You collected 10 gold pieces.

Inventory:

Hand Weapons
 a - a +0 rapier (weapon)
Armour
 b - a +0 robe
 c - a +0 buckler (worn)
 e - +10 pearl dragon scales (worn)
Potions
 d - a potion of might
Comestibles
 f - a bread ration


   Skills:
 O Level 27 Fighting
 O Level 27 Short Blades
 O Level 27 Long Blades
 O Level 27 Axes
 O Level 27 Maces & Flails
 O Level 27 Polearms
 O Level 27 Staves
 O Level 27 Slings
 O Level 27 Bows
 O Level 27 Crossbows
 O Level 27 Throwing
 O Level 27 Armour
 O Level 27 Dodging
 O Level 27 Stealth
 O Level 27 Shields
 O Level 27 Unarmed Combat
 O Level 27 Spellcasting
 O Level 27 Conjurations
 O Level 27 Hexes
 O Level 27 Charms
 O Level 27 Summonings
 O Level 27 Necromancy
 O Level 27 Translocations
 O Level 27 Transmutations
 O Level 27 Fire Magic
 O Level 27 Ice Magic
 O Level 27 Air Magic
 O Level 27 Earth Magic
 O Level 27 Poison Magic
 O Level 27 Invocations
 O Level 27 Evocations


You had 54 spell levels left.
You didn't know any spells.

Dungeon Overview and Level Annotations

Branches:
Dungeon (1/15)

Altars:


Innate Abilities, Weirdness & Mutations

You are very small and have problems with some larger weapons.
You are too small for most types of armour.
You have supernaturally acute eyesight. (SInv)
You are a herbivore.
You cover ground extremely quickly.
You need consume almost no food.


Message History

[e] Staff [f] Evocables [g] Food [h] Gold What kind of item would you like to acquire? (\ to view known items)
Something appears at your feet!
Enter Wizard Command (? - help): [a] Weapon [b] Armour [c] Jewellery [d] Book [e] Staff [f] Evocables [g] Food [h] Gold What kind of item would you like to acquire? (\ to view known items) Too many items on level, removing some.
Something appears at your feet!
You swing at nothing.
Items here: ))))))))))))))))))))))))))))))))))))))))))))))))))
Okay, then.
Unknown command.
Enter Wizard Command (? - help):
Okay, then.
Unknown command.
Enter Wizard Command (? - help): You feel a rush of knowledge.
Okay, then.
Are you sure you want to abandon this character and quit the game? (Confirm with "yes".)

#+# +# #.. ..#
#...# #..
#.#.#)###.# #.
#.##.#.# ##.
#.###.#
##.####.##.#.#
+.........###..
#@.####.###
##.# #.#.###.#
# #.##.#.##
#.###.##
#.##.#.##
#.#.###.#
#..####.###
+......<..#
##.####.##.#


There were no monsters in sight!

Vanquished Creatures
  A hobgoblin (D:1)
1 creature vanquished.

Notes
Turn   | Place    | Note
-------+----------+-------------------------------------------
     0 | D:1      | Lightli the Spriggan Fighter began the quest for the Orb.
     0 | D:1      | Reached XP level 1. HP: 11/11 MP: 2/2
     0 | D:1      | Entered wizard mode.
   177 | D:1      | Identified the +0 rapier of the Queen {flame, Str+3} (Your wizardly powers created it on level 1 of the Dungeon)
   177 | D:1      | Identified the +8 dagger of Regicide {pierce, *Noise rF+ Stlth+} (Your wizardly powers created it on level 1 of the Dungeon)
   177 | D:1      | Identified the +4 short sword "Qinazxiu" {elec, rPois Str-3 SInv Stlth+} (Your wizardly powers created it on level 1 of the Dungeon)
   177 | D:1      | Identified the +1 morningstar of Guitt {crush, Str+4} (Your wizardly powers created it on level 1 of the Dungeon)
   177 | D:1      | Identified the +4 mace of Hevohama {crush, MR++ Str+4 SInv} (Your wizardly powers created it on level 1 of the Dungeon)
   177 | D:1      | Identified the +9 hand crossbow "Vawimn" {freeze, rElec SInv} (Your wizardly powers created it on level 1 of the Dungeon)
   177 | D:1      | Identified the +1 spear "Eqedess" {flame, rC++ Stlth+} (Your wizardly powers created it on level 1 of the Dungeon)
   177 | D:1      | Identified the +0 quarterstaff "Ackeig" {drain, rElec rC+++ MP+9 Int-4} (Your wizardly powers created it on level 1 of the Dungeon)
   177 | D:1      | Identified the +5 demon trident of Ypnun {protect, rPois Str-3 Int+5} (Your wizardly powers created it on level 1 of the Dungeon)
   177 | D:1      | Identified the +1 hand crossbow of the Whelk {flame, Dex+5} (Your wizardly powers created it on level 1 of the Dungeon)
   177 | D:1      | Identified the +4 arbalest "Firuef" {elec, Str+3} (Your wizardly powers created it on level 1 of the Dungeon)
   177 | D:1      | Identified the +8 rapier of Sulphur {freeze, +Blink rElec rF+} (Your wizardly powers created it on level 1 of the Dungeon)
   177 | D:1      | Identified the +1 hunting sling of Departure {velocity, Str-4 Int+4 Dex+9} (Your wizardly powers created it on level 1 of the Dungeon)
   177 | D:1      | Identified the +7 hand axe "Tore" {antimagic, Str+6} (Your wizardly powers created it on level 1 of the Dungeon)
   177 | D:1      | Identified the +4 lajatang of Hatred {flame, rN+ Str+3 SInv} (Your wizardly powers created it on level 1 of the Dungeon)
   177 | D:1      | Identified the +4 quick blade "Lemaxet" {protect, rC- MR++ Stlth+} (Your wizardly powers created it on level 1 of the Dungeon)
   177 | D:1      | Identified the +4 arbalest of Axoh {venom, +Blink rN+ Stlth-} (Your wizardly powers created it on level 1 of the Dungeon)
   177 | D:1      | Identified the +3 lajatang of the Hall of Blades {flame, rF+} (Your wizardly powers created it on level 1 of the Dungeon)
   177 | D:1      | Identified the +8 quarterstaff "Han Nuod" {freeze, rF+ Str+2 SInv} (Your wizardly powers created it on level 1 of the Dungeon)
   177 | D:1      | Identified the +5 hand axe "Desio" {flame, rF+ Int+3 Dex+3} (Your wizardly powers created it on level 1 of the Dungeon)
   177 | D:1      | Identified the +1 hunting sling of Ixoe {venom, rN+} (Your wizardly powers created it on level 1 of the Dungeon)
   177 | D:1      | Identified the +7 fustibalus "Hioskat" {freeze, *Drain rPois rN+ MR+} (Your wizardly powers created it on level 1 of the Dungeon)
   177 | D:1      | Identified the +1 scimitar of Athroiro {venom, Str+2} (Your wizardly powers created it on level 1 of the Dungeon)
   177 | D:1      | Identified the +8 dagger of Ijanudgh {vamp, +Blink Int+9} (Your wizardly powers created it on level 1 of the Dungeon)
   177 | D:1      | Identified the +7 shortbow of Duty {velocity, rC+ Str+7} (Your wizardly powers created it on level 1 of the Dungeon)
   177 | D:1      | Identified the +11 mace of Tartarus {vamp, MR++} (Your wizardly powers created it on level 1 of the Dungeon)
   177 | D:1      | Identified the +0 mace of Satyriasis {protect, Int+4 Dex+2} (Your wizardly powers created it on level 1 of the Dungeon)
   177 | D:1      | Identified the +1 shortbow of Gloom {velocity, MP+9} (Your wizardly powers created it on level 1 of the Dungeon)
   177 | D:1      | Identified the +5 lajatang "Innoga" {holy, rC+++ MR+} (Your wizardly powers created it on level 1 of the Dungeon)
   177 | D:1      | Identified the +0 hunting sling "Engisirphi" {venom, Dex+5} (Your wizardly powers created it on level 1 of the Dungeon)
   177 | D:1      | Identified the +0 flail of Starshine {flame, Str-4 Int+8 Dex-3} (Your wizardly powers created it on level 1 of the Dungeon)
   177 | D:1      | Identified the +1 war axe "Buykhlu" {freeze, rC+ Int+2 Dex+5} (Your wizardly powers created it on level 1 of the Dungeon)
   177 | D:1      | Identified the +0 quick blade of Offence {pain, +Inv Str+4} (Your wizardly powers created it on level 1 of the Dungeon)
   177 | D:1      | Identified the +6 war axe "Erokhyff" {freeze, rPois SInv} (Your wizardly powers created it on level 1 of the Dungeon)
   177 | D:1      | Identified the +9 war axe "Grim Tooth" {chaos, MR+} (Your wizardly powers created it on level 1 of the Dungeon)
   177 | D:1      | Identified the +10 demon blade of Misery {flame, *Slow rPois MR+ SInv} (Your wizardly powers created it on level 1 of the Dungeon)
   177 | D:1      | Identified the +5 hand crossbow of Naenkudei {venom, rF+ MR+} (Your wizardly powers created it on level 1 of the Dungeon)
   177 | D:1      | Identified the +11 hunting sling "Pumuduni" {flame, Dex+6} (Your wizardly powers created it on level 1 of the Dungeon)
   177 | D:1      | Identified the +1 quarterstaff of the Shoals {freeze, rC+} (Your wizardly powers created it on level 1 of the Dungeon)
   177 | D:1      | Identified the +9 dagger "Mumuurr" {antimagic, rElec} (Your wizardly powers created it on level 1 of the Dungeon)
   177 | D:1      | Identified the +1 mace of Lies {crush, rElec rF+ rC+} (Your wizardly powers created it on level 1 of the Dungeon)
   177 | D:1      | Identified the +5 war axe of Indomitability {chop, -Tele rElec Int+4} (Your wizardly powers created it on level 1 of the Dungeon)
   177 | D:1      | Identified the +6 hand crossbow of Todwuedu {venom, SInv} (Your wizardly powers created it on level 1 of the Dungeon)
   177 | D:1      | Identified the +4 arbalest of Doubt {penet, *Slow rN+++ Str-5 Stlth+} (Your wizardly powers created it on level 1 of the Dungeon)
   177 | D:1      | Identified the +8 hand crossbow of the Enchanted Forest {elec, rPois MR++ Str-2 Dex+3} (Your wizardly powers created it on level 1 of the Dungeon)
   177 | D:1      | Identified the +6 hunting sling of False Accusations {freeze, rPois Str+4} (Your wizardly powers created it on level 1 of the Dungeon)
   177 | D:1      | Identified the +0 scimitar "Concordance" {drain, +Fly rPois MR-} (Your wizardly powers created it on level 1 of the Dungeon)
   177 | D:1      | Identified the +8 hand crossbow of the Wasteland {freeze, rElec rC++ SInv Stlth-} (Your wizardly powers created it on level 1 of the Dungeon)
   177 | D:1      | Identified the +7 falchion of Zirroty {slice, +Rage} (Your wizardly powers created it on level 1 of the Dungeon)
   177 | D:1      | Identified the +3 flail of Integrity {protect, Str+5} (Your wizardly powers created it on level 1 of the Dungeon)
   177 | D:1      | Identified the +6 hand crossbow of Corporal Punishment {elec, +Blink MR- Stlth+} (Your wizardly powers created it on level 1 of the Dungeon)
   177 | D:1      | Identified the +7 demon blade "Backscratcher" {venom, SInv} (Your wizardly powers created it on level 1 of the Dungeon)
   177 | D:1      | Identified the +6 quick blade of Conscience {protect, rN+ Str+4 Dex+2} (Your wizardly powers created it on level 1 of the Dungeon)
   177 | D:1      | Identified the +11 lajatang of Doom {slice, Stlth+} (Your wizardly powers created it on level 1 of the Dungeon)
   177 | D:1      | Identified the +2 hand crossbow of Noon {elec, rElec} (Your wizardly powers created it on level 1 of the Dungeon)
   177 | D:1      | Identified the +7 morningstar "Jellyslayer" {flame, Int+3} (Your wizardly powers created it on level 1 of the Dungeon)
   177 | D:1      | Identified the +6 demon whip of the Pits of Slime {elec, Str+4} (Your wizardly powers created it on level 1 of the Dungeon)
   177 | D:1      | Identified the +7 hand crossbow "Siujeor" {velocity, rElec Str+4} (Your wizardly powers created it on level 1 of the Dungeon)
   177 | D:1      | Identified the +3 short sword of Astom {pierce, rN+++ MR- Str-5 SInv} (Your wizardly powers created it on level 1 of the Dungeon)
   177 | D:1      | Identified the +7 war axe "Bual" {chop, rPois MR+ Int-4 SInv} (Your wizardly powers created it on level 1 of the Dungeon)
   177 | D:1      | Identified the +6 war axe "Gifall" {venom, Str+7 Int+8 Dex-3} (Your wizardly powers created it on level 1 of the Dungeon)
   177 | D:1      | Identified the +8 hand crossbow of Zirchiefi {velocity, Str+6 Int+4 Dex+8} (Your wizardly powers created it on level 1 of the Dungeon)
   177 | D:1      | Identified the +12 hand crossbow of Kismet {speed, *Corrode rN+ Str+3 Int+3} (Your wizardly powers created it on level 1 of the Dungeon)
   177 | D:1      | Identified the +3 long sword "Ogreslayer" {speed, rN+} (Your wizardly powers created it on level 1 of the Dungeon)
   177 | D:1      | Identified the +12 short sword "Cookie Cutter" {freeze, Stlth+} (Your wizardly powers created it on level 1 of the Dungeon)
   177 | D:1      | Identified the +4 war axe of Dithmenos's Regard {chop, SInv} (Your wizardly powers created it on level 1 of the Dungeon)
   177 | D:1      | Identified the +5 arbalest of the Undead {penet, Int+4} (Your wizardly powers created it on level 1 of the Dungeon)
   177 | D:1      | Identified the +1 war axe of Doom {protect, Fragile Str+10 Dex-4 SInv} (Your wizardly powers created it on level 1 of the Dungeon)
   177 | D:1      | Identified the +4 war axe "Wuijiali" {flame, Str+3 Dex+4} (Your wizardly powers created it on level 1 of the Dungeon)
   177 | D:1      | Identified the +1 hunting sling "Rutt" {flame, *Contam rElec rF++} (Your wizardly powers created it on level 1 of the Dungeon)
   177 | D:1      | Identified the +0 hand crossbow of Plunder {venom, Str+3} (Your wizardly powers created it on level 1 of the Dungeon)
   177 | D:1      | Identified the +2 war axe "Kovil" {freeze, rPois MR+ Stlth-} (Your wizardly powers created it on level 1 of the Dungeon)
   177 | D:1      | Identified the +8 scimitar of the Secret People {antimagic, rC+ Str+3} (Your wizardly powers created it on level 1 of the Dungeon)
   177 | D:1      | Identified the +7 hunting sling "Tiugiolent" {speed, MR+ Stlth+} (Your wizardly powers created it on level 1 of the Dungeon)
   177 | D:1      | Identified the +9 war axe "Goblinslayer" {chop, +Inv rC+++ MR+ Str-4} (Your wizardly powers created it on level 1 of the Dungeon)
   177 | D:1      | Identified the +7 war axe of Ompoapn {venom, *Noise *Slow rN+++ MR+++} (Your wizardly powers created it on level 1 of the Dungeon)
   177 | D:1      | Identified the +4 falchion "Concordance" {holy, rElec rN+ Str+2} (Your wizardly powers created it on level 1 of the Dungeon)
   177 | D:1      | Identified the +6 hand crossbow of Koley {venom, rElec MR- Int+5} (Your wizardly powers created it on level 1 of the Dungeon)
   177 | D:1      | Identified the +5 demon blade of the Fox {venom, rElec Str+3} (Your wizardly powers created it on level 1 of the Dungeon)
   177 | D:1      | Identified the +4 quick blade "Cakhuero" {pierce, *Slow rPois SInv Stlth+} (Your wizardly powers created it on level 1 of the Dungeon)
   177 | D:1      | Identified the +4 hunting sling "Fyqaceo" {velocity, rPois Str+2 Stlth-} (Your wizardly powers created it on level 1 of the Dungeon)
   177 | D:1      | Identified the +5 rapier "Raydots" {pierce, Stlth+} (Your wizardly powers created it on level 1 of the Dungeon)
   177 | D:1      | Identified the +12 hunting sling "Kabis" {freeze, MR+} (Your wizardly powers created it on level 1 of the Dungeon)
   177 | D:1      | Identified the +2 arbalest of Gluttony {venom, rPois rC- Str+3 Dex+8} (Your wizardly powers created it on level 1 of the Dungeon)
   177 | D:1      | Identified the +5 lajatang of Egomania {venom, MP+9 Str+2} (Your wizardly powers created it on level 1 of the Dungeon)
   177 | D:1      | Identified the +6 hunting sling "Yjuleip" {flame, Dex+2 Stlth+} (Your wizardly powers created it on level 1 of the Dungeon)
   177 | D:1      | Identified the +2 dagger of Voischen {drain, +Fly rElec Dex+3 Stlth+} (Your wizardly powers created it on level 1 of the Dungeon)
   177 | D:1      | Identified the +8 war axe of Quarrel {chaos, rPois rF+ Int+4} (Your wizardly powers created it on level 1 of the Dungeon)
   177 | D:1      | Identified the +2 war axe of Spontaneous Combustion {chop, *Slow +Inv MR+ MP+9} (Your wizardly powers created it on level 1 of the Dungeon)
   177 | D:1      | Identified the +8 short sword "Newtbane" {elec, Fragile MP+9 Int+4 Dex+3} (Your wizardly powers created it on level 1 of the Dungeon)
   177 | D:1      | Identified the +2 lajatang "Goeta" {slice, Int+7} (Your wizardly powers created it on level 1 of the Dungeon)
   177 | D:1      | Identified the +4 hunting sling of Kutat {speed, MR+ Str+2} (Your wizardly powers created it on level 1 of the Dungeon)
   177 | D:1      | Identified the +8 demon blade of the Goat {venom, Int+4} (Your wizardly powers created it on level 1 of the Dungeon)
   177 | D:1      | Identified the +5 morningstar of Strategic Superiority {crush, rF- Int+7 Dex-3 SInv} (Your wizardly powers created it on level 1 of the Dungeon)
   177 | D:1      | Identified the +5 demon blade of the Inferno {freeze, rElec rF+ rN+ Dex-3} (Your wizardly powers created it on level 1 of the Dungeon)
   177 | D:1      | Identified the +0 long sword "Raiwkawn" {slice, *Slow rN+++ Str+5} (Your wizardly powers created it on level 1 of the Dungeon)
   177 | D:1      | Identified the +11 hand crossbow of Ynedd {venom, +Blink rF- rC+++ Stlth+} (Your wizardly powers created it on level 1 of the Dungeon)
   177 | D:1      | Identified the +5 scimitar "Leustr Daell" {chaos, +Rage rF+ Int+3} (Your wizardly powers created it on level 1 of the Dungeon)
   177 | D:1      | Identified the +0 scimitar of Upheaval {flame, rF+} (Your wizardly powers created it on level 1 of the Dungeon)
   177 | D:1      | Identified the +2 rapier "Killer Klown's Doom" {vamp, *Rage rF+ Str+2} (Your wizardly powers created it on level 1 of the Dungeon)
   177 | D:1      | Identified the +11 war axe of the Coward {freeze, rElec rPois Stlth-} (Your wizardly powers created it on level 1 of the Dungeon)
   177 | D:1      | Identified the +7 war axe of Agony {chop, +Rage Str+4 Dex-5} (Your wizardly powers created it on level 1 of the Dungeon)
   177 | D:1      | Identified the +4 quarterstaff of Checkmate {elec, Str+3} (Your wizardly powers created it on level 1 of the Dungeon)
   177 | D:1      | Identified the +4 falchion of the Solstice {venom, rN+} (Your wizardly powers created it on level 1 of the Dungeon)
   177 | D:1      | Identified the +1 lajatang of Integrity {venom, Str+9} (Your wizardly powers created it on level 1 of the Dungeon)
   177 | D:1      | Identified the +6 shortbow "Jienig" {freeze, rC+ Str+3} (Your wizardly powers created it on level 1 of the Dungeon)
   177 | D:1      | Identified the +3 short sword "Pecogug" {pierce, *Noise *Slow rElec rPois} (Your wizardly powers created it on level 1 of the Dungeon)
   177 | D:1      | Identified the +7 morningstar of Gozag's Reproof {crush, rElec MR+ Int+6 Dex-5} (Your wizardly powers created it on level 1 of the Dungeon)
   177 | D:1      | Identified the +6 hand crossbow of True Grit {penet, Fragile rN+ Str+3 Dex+4} (Your wizardly powers created it on level 1 of the Dungeon)
   177 | D:1      | Identified the +6 war axe of a treasure trove {drain, +Inv rF+ rC- Int+5} (Your wizardly powers created it on level 1 of the Dungeon)
   177 | D:1      | Identified the +6 hand crossbow of Uskayaw's Reproof {flame, rC+++ Int-3 Dex+2 Stlth-} (Your wizardly powers created it on level 1 of the Dungeon)
   177 | D:1      | Identified the +0 scimitar of Gilelav {holy, rF+ Int+4} (Your wizardly powers created it on level 1 of the Dungeon)
   177 | D:1      | Identified the +6 hand crossbow of Disorder {penet, Fragile rN+ Int+4 Dex+5} (Your wizardly powers created it on level 1 of the Dungeon)
   177 | D:1      | Identified the +1 hunting sling of Muleivuo {freeze, rElec rPois MR- Str+2} (Your wizardly powers created it on level 1 of the Dungeon)
   177 | D:1      | Identified the +5 hand crossbow "Impbane" {venom, MP+9} (Your wizardly powers created it on level 1 of the Dungeon)
   177 | D:1      | Identified the +1 scimitar of Vilemiow {slice, rPois} (Your wizardly powers created it on level 1 of the Dungeon)
   177 | D:1      | Identified the +7 hand crossbow of Mayhem {venom, rPois Int+2} (Your wizardly powers created it on level 1 of the Dungeon)
   177 | D:1      | Identified the +2 demon whip of Flawed Execution {freeze, rElec} (Your wizardly powers created it on level 1 of the Dungeon)
   177 | D:1      | Identified the +5 lajatang "Killer Klown's Regret" {slice, rN+} (Your wizardly powers created it on level 1 of the Dungeon)
   177 | D:1      | Identified the +1 morningstar "Laathruorgh" {freeze, rElec rN+ Str+2 Stlth+} (Your wizardly powers created it on level 1 of the Dungeon)
   177 | D:1      | Identified the +2 hunting sling of Autumn {freeze, +Inv rF+} (Your wizardly powers created it on level 1 of the Dungeon)
   177 | D:1      | Identified the +6 hand crossbow of Jopnux {flame, rN+} (Your wizardly powers created it on level 1 of the Dungeon)
   177 | D:1      | Identified the +0 scimitar "Orb Guardian's Foe" {slice, *Rage *Corrode rN+ Int+3} (Your wizardly powers created it on level 1 of the Dungeon)
   177 | D:1      | Identified the +3 war axe "Kimuesh" {chop, +Rage} (Your wizardly powers created it on level 1 of the Dungeon)
   177 | D:1      | Identified the +9 long sword "Puxiyt" {vamp, Dex+3} (Your wizardly powers created it on level 1 of the Dungeon)
   177 | D:1      | Identified the +7 long sword of the Middle {pain, Str+5} (Your wizardly powers created it on level 1 of the Dungeon)
   177 | D:1      | Identified the +1 flail of Siaff {pain, rElec rPois Str-4} (Your wizardly powers created it on level 1 of the Dungeon)
   177 | D:1      | Identified the +7 war axe of the Hierophant {protect, Str+5 SInv} (Your wizardly powers created it on level 1 of the Dungeon)
   177 | D:1      | Identified the +8 lajatang of Oxeduid {slice, rPois rC+ Int+4} (Your wizardly powers created it on level 1 of the Dungeon)
   177 | D:1      | Identified the +2 hunting sling "Ulysai" {freeze, Fragile MP+9 Str+7 SInv} (Your wizardly powers created it on level 1 of the Dungeon)
   177 | D:1      | Identified the +5 hand crossbow "Embalmer" {venom, Dex+4} (Your wizardly powers created it on level 1 of the Dungeon)
   177 | D:1      | Identified the +6 flail "Qavisov" {crush, rC++} (Your wizardly powers created it on level 1 of the Dungeon)
   177 | D:1      | Identified the +9 hunting sling "Isuukhlez" {venom, +Inv rElec SInv Stlth+} (Your wizardly powers created it on level 1 of the Dungeon)
   177 | D:1      | Identified the +7 war axe "Killer Klown's Regret" {drain, -Tele rPois Str-3 Stlth+} (Your wizardly powers created it on level 1 of the Dungeon)
   177 | D:1      | Identified the +7 shortbow of the Desert {freeze, rElec Str+5 Dex-4 SInv} (Your wizardly powers created it on level 1 of the Dungeon)
   177 | D:1      | Identified the +5 rapier of Putrescence {holy, +Rage rF+} (Your wizardly powers created it on level 1 of the Dungeon)
   177 | D:1      | Identified the +1 hand crossbow "Jeak" {venom, rN+} (Your wizardly powers created it on level 1 of the Dungeon)
   177 | D:1      | Identified the +1 hunting sling "Puerchall" {flame, *Contam rC+ Int+3} (Your wizardly powers created it on level 1 of the Dungeon)
   177 | D:1      | Identified the +6 hunting sling of the Iron City of Dis {velocity, +Blink rN++ Str-3} (Your wizardly powers created it on level 1 of the Dungeon)
   177 | D:1      | Identified the +1 shortbow "Pacvuemp" {freeze, *Contam *Drain rElec Int+5} (Your wizardly powers created it on level 1 of the Dungeon)
   177 | D:1      | Identified the +4 hand crossbow of Wrath {elec, Dex+5} (Your wizardly powers created it on level 1 of the Dungeon)
   177 | D:1      | Identified the +7 quarterstaff of Distraction {crush, Int+6 Dex-3 Stlth-} (Your wizardly powers created it on level 1 of the Dungeon)
   177 | D:1      | Identified the +8 rapier "Hydrabane" {pierce, rPois rC+++ Int-2} (Your wizardly powers created it on level 1 of the Dungeon)
   177 | D:1      | Identified the +1 hunting sling of Rubbish {flame, rC- rN+++ Stlth+} (Your wizardly powers created it on level 1 of the Dungeon)
   177 | D:1      | Identified the +8 short sword "Byesygg" {pierce, Str+4 Dex+2 Stlth+} (Your wizardly powers created it on level 1 of the Dungeon)
   177 | D:1      | Identified the +6 war axe of Triumph {speed, *Rage MR+ Stlth+} (Your wizardly powers created it on level 1 of the Dungeon)
   177 | D:1      | Identified the +5 hand crossbow of the Head {elec, rPois rC+} (Your wizardly powers created it on level 1 of the Dungeon)
   177 | D:1      | Identified the +9 quick blade of the Lurker {drain, rN+} (Your wizardly powers created it on level 1 of the Dungeon)
   177 | D:1      | Identified the +9 hunting sling of Ragnarok {velocity, rC+ Str+4} (Your wizardly powers created it on level 1 of the Dungeon)
   177 | D:1      | Identified the +3 hunting sling of Efueteila {venom, Int+3} (Your wizardly powers created it on level 1 of the Dungeon)
   177 | D:1      | Identified the +1 hand crossbow of the Ring {velocity, rN++ Str+4} (Your wizardly powers created it on level 1 of the Dungeon)
   177 | D:1      | Identified the +7 shortbow of the Wasteland {speed, +Blink rElec MR- MP-9 Dex+8} (Your wizardly powers created it on level 1 of the Dungeon)
   177 | D:1      | Identified the +8 hand crossbow of Symmetry {penet, rPois rN+++ Int-3 Dex-3} (Your wizardly powers created it on level 1 of the Dungeon)
   177 | D:1      | Identified the +8 hunting sling of Luxury {velocity, Fragile Str+5 Int+2} (Your wizardly powers created it on level 1 of the Dungeon)
   177 | D:1      | Identified the +3 war axe of the Penguin {pain, rElec rPois Int-5} (Your wizardly powers created it on level 1 of the Dungeon)
   177 | D:1      | Identified the +12 demon blade "Imiatu" {slice, rN++ Str+3} (Your wizardly powers created it on level 1 of the Dungeon)
   177 | D:1      | Identified the +6 hunting sling "Nengatig" {flame, rElec rC++ Int-5} (Your wizardly powers created it on level 1 of the Dungeon)
   177 | D:1      | Identified the +12 flail of Muskoij {vamp, *Corrode +Fly Str+7 Dex+2} (Your wizardly powers created it on level 1 of the Dungeon)
   177 | D:1      | Identified the +1 quick blade "Naonnoikh" {pierce, +Rage rF+ Str+2 Int+3} (Your wizardly powers created it on level 1 of the Dungeon)
   177 | D:1      | Identified the +4 hunting sling "Ultimatum" {venom, Int+2} (Your wizardly powers created it on level 1 of the Dungeon)
   177 | D:1      | Identified the +4 quick blade of the Tiger {flame, Str+4} (Your wizardly powers created it on level 1 of the Dungeon)
   177 | D:1      | Identified the +8 hand crossbow of Traps {flame, rPois} (Your wizardly powers created it on level 1 of the Dungeon)
   177 | D:1      | Identified the +6 lajatang of Dufy {venom, rPois rF+ Str+4 Dex+2} (Your wizardly powers created it on level 1 of the Dungeon)
   177 | D:1      | Identified the +5 flail of Valour {elec, rElec Str+2 Dex+2} (Your wizardly powers created it on level 1 of the Dungeon)
   177 | D:1      | Identified the +10 arbalest of the Demagogue {penet, rC++ Str-2 Stlth+} (Your wizardly powers created it on level 1 of the Dungeon)
   177 | D:1      | Identified the +9 hand crossbow of Zefy {elec, MR+++ Dex-4 Stlth+} (Your wizardly powers created it on level 1 of the Dungeon)
   177 | D:1      | Identified the +3 eveningstar "Salopp" {elec, rElec MP-9 Dex+3 Stlth+} (Your wizardly powers created it on level 1 of the Dungeon)
   177 | D:1      | Identified the +8 hunting sling "Luso" {speed, +Inv rN+ MR+ Str-3} (Your wizardly powers created it on level 1 of the Dungeon)
   177 | D:1      | Identified the +1 spear of Hyv Nuf {protect, +Fly} (Your wizardly powers created it on level 1 of the Dungeon)
   177 | D:1      | Identified the +6 hunting sling "Dotrynle" {freeze, rC++ MR+} (Your wizardly powers created it on level 1 of the Dungeon)
   177 | D:1      | Identified the +0 eveningstar of Misoch {holy, *Noise rF+ rC+++ Str+3} (Your wizardly powers created it on level 1 of the Dungeon)
   177 | D:1      | Identified the +6 war axe of False Hope {vamp, rPois Str-4 Dex+3 SInv} (Your wizardly powers created it on level 1 of the Dungeon)
   177 | D:1      | Identified the +9 hunting sling of Pille {flame, rF+ Str+3 Dex+2} (Your wizardly powers created it on level 1 of the Dungeon)
   177 | D:1      | Identified the +9 short sword "Nimac" {holy, +Fly rC+} (Your wizardly powers created it on level 1 of the Dungeon)
   177 | D:1      | Identified the +8 hunting sling "Ceosenuh" {venom, rN+} (Your wizardly powers created it on level 1 of the Dungeon)
   177 | D:1      | Identified the +1 hunting sling of Ragnarok {freeze, +Blink rElec SInv Stlth+} (Your wizardly powers created it on level 1 of the Dungeon)
   177 | D:1      | Identified the +1 hunting sling of Xom's Brutal Revenge {flame, rF+ rN+} (Your wizardly powers created it on level 1 of the Dungeon)
   177 | D:1      | Identified the +5 quarterstaff of the Egg {pain, Str+4} (Your wizardly powers created it on level 1 of the Dungeon)
   177 | D:1      | Identified the +3 war axe "Spriggan's Curse" {chop, +Blink Dex+3} (Your wizardly powers created it on level 1 of the Dungeon)
   177 | D:1      | Identified the +6 lajatang "Guoppofy" {venom, rC- Str+6 Int+4} (Your wizardly powers created it on level 1 of the Dungeon)
   177 | D:1      | Identified the +4 hunting sling of the Eternal Warrior {flame, Str+6} (Your wizardly powers created it on level 1 of the Dungeon)
   177 | D:1      | Identified the +0 arbalest "Unoa" {velocity, Str+5} (Your wizardly powers created it on level 1 of the Dungeon)
   177 | D:1      | Identified the +1 scimitar of Tumult {vamp, rPois Int+2} (Your wizardly powers created it on level 1 of the Dungeon)
   177 | D:1      | Identified the +10 hand crossbow "Lotiz" {flame, *Contam rPois Str+4 Dex+4} (Your wizardly powers created it on level 1 of the Dungeon)
   177 | D:1      | Identified the +7 shortbow of the Beginning {venom, rN+ MR+++ Str-4 Dex+3} (Your wizardly powers created it on level 1 of the Dungeon)
   177 | D:1      | Identified the +2 hunting sling "Bung" {flame, rPois rF+ MR+++ Str-2} (Your wizardly powers created it on level 1 of the Dungeon)
   177 | D:1      | Identified the +7 hunting sling "Oqell" {flame, *Drain rF+ Dex+3 Stlth+} (Your wizardly powers created it on level 1 of the Dungeon)
   177 | D:1      | Identified the +2 war axe of the Shrike {drain, rElec rC- Str+7 Stlth+} (Your wizardly powers created it on level 1 of the Dungeon)
   177 | D:1      | Identified the +6 hand crossbow "Bynkompu" {elec, rC+} (Your wizardly powers created it on level 1 of the Dungeon)
   177 | D:1      | Identified the +7 quarterstaff of Vodesh {crush, MR+ Str-2 Int+2 Dex+3} (Your wizardly powers created it on level 1 of the Dungeon)
   177 | D:1      | Identified the +1 hand axe "Beast's Nightmare" {drain, +Rage Str+2 Stlth+} (Your wizardly powers created it on level 1 of the Dungeon)
   177 | D:1      | Identified the +9 shortbow "Deky Ruu" {flame, rPois rF+ Int-2} (Your wizardly powers created it on level 1 of the Dungeon)
   177 | D:1      | Identified the +0 hunting sling "Qemeon" {velocity, Str+3 Stlth-} (Your wizardly powers created it on level 1 of the Dungeon)
   177 | D:1      | Identified the +6 lajatang of the Evening {holy, rF+ Dex+3} (Your wizardly powers created it on level 1 of the Dungeon)
   177 | D:1      | Identified the +3 arbalest of Imbalance {venom, Str+5} (Your wizardly powers created it on level 1 of the Dungeon)
   177 | D:1      | Identified the +12 hunting sling "Murmur" {velocity, rElec Str+7 Int+4 Dex-2} (Your wizardly powers created it on level 1 of the Dungeon)
   177 | D:1      | Identified the +1 hand crossbow of the Penguin {flame, rC+} (Your wizardly powers created it on level 1 of the Dungeon)
   177 | D:1      | Identified the +7 spear "Vapenu" {drain, rN+ Str+2} (Your wizardly powers created it on level 1 of the Dungeon)
   177 | D:1      | Identified the +1 trident of Kaucuruy {venom, rElec MR+ Dex+2} (Your wizardly powers created it on level 1 of the Dungeon)
   177 | D:1      | Identified the +2 spear of Battle {pierce, *Drain Int+7} (Your wizardly powers created it on level 1 of the Dungeon)
   177 | D:1      | Identified the +7 morningstar of Propriety {venom, Int+4} (Your wizardly powers created it on level 1 of the Dungeon)
   177 | D:1      | Identified the +0 shortbow of Plunder {freeze, Int+3} (Your wizardly powers created it on level 1 of the Dungeon)
   177 | D:1      | Identified the +7 hand crossbow "Eviales" {freeze, Fragile rElec Str+7 Stlth+} (Your wizardly powers created it on level 1 of the Dungeon)
   177 | D:1      | Identified the +1 shortbow of Saar {speed, *Slow rF- MR+ Int+7} (Your wizardly powers created it on level 1 of the Dungeon)
   177 | D:1      | Identified the +6 war axe of Purpose {flame, rF- MR++} (Your wizardly powers created it on level 1 of the Dungeon)
   177 | D:1      | Identified the +1 quarterstaff of Prudence {freeze, rF+} (Your wizardly powers created it on level 1 of the Dungeon)
   177 | D:1      | Identified the +4 rapier "Suotz" {holy, *Rage rPois Int+4} (Your wizardly powers created it on level 1 of the Dungeon)
   177 | D:1      | Identified the +0 hand crossbow "Cuekig" {freeze, Int+4} (Your wizardly powers created it on level 1 of the Dungeon)
   177 | D:1      | Identified the +9 hand crossbow of Valiance {elec, Int+3} (Your wizardly powers created it on level 1 of the Dungeon)
   177 | D:1      | Identified the +4 demon trident of Zinycomid {flame, MP+9 Dex+4} (Your wizardly powers created it on level 1 of the Dungeon)
   177 | D:1      | Identified the +8 falchion of Wafrarul {slice, rF+} (Your wizardly powers created it on level 1 of the Dungeon)
   177 | D:1      | Identified the +2 morningstar of Objectivity {venom, rF++ rC- Stlth+} (Your wizardly powers created it on level 1 of the Dungeon)
   177 | D:1      | Identified the +6 short sword of an ossuary {pierce, rF+ Str-4 Int+5} (Your wizardly powers created it on level 1 of the Dungeon)
   177 | D:1      | Identified the +9 rapier of the Little People {pierce, -Tele rN+ Int+4} (Your wizardly powers created it on level 1 of the Dungeon)
   177 | D:1      | Identified the +7 spear of Internal Strife {speed, *Contam rPois rN+++} (Your wizardly powers created it on level 1 of the Dungeon)
   177 | D:1      | Identified the +0 hunting sling "Widowermaker" {flame, rPois rF- Str+7 Int+3} (Your wizardly powers created it on level 1 of the Dungeon)
   177 | D:1      | Identified the +9 flail of Valiance {holy, Int+4 SInv Stlth+} (Your wizardly powers created it on level 1 of the Dungeon)
   177 | D:1      | Identified the +7 hand crossbow "Xedefad" {flame, rElec rC- Int+2 Dex+4} (Your wizardly powers created it on level 1 of the Dungeon)
   177 | D:1      | Identified the +1 hunting sling of Usu Hula {freeze, rF+ rC+ MR-} (Your wizardly powers created it on level 1 of the Dungeon)
   177 | D:1      | Identified the +1 flail of Earthquakes {vamp, Dex+4 SInv} (Your wizardly powers created it on level 1 of the Dungeon)
   177 | D:1      | Identified the +2 lajatang of Spores {slice, rN+ MP+9} (Your wizardly powers created it on level 1 of the Dungeon)
   177 | D:1      | Identified the +9 war axe of Symmetry {protect, rF+ rC+} (Your wizardly powers created it on level 1 of the Dungeon)
   177 | D:1      | Identified the +12 eveningstar of Midnight {crush, rPois Int+2} (Your wizardly powers created it on level 1 of the Dungeon)
   177 | D:1      | Identified the +8 hand crossbow "Ownorefi" {flame, rN+} (Your wizardly powers created it on level 1 of the Dungeon)
   177 | D:1      | Identified the +5 arbalest of the Neverending Mice {elec, rElec MR- Str+3} (Your wizardly powers created it on level 1 of the Dungeon)
   177 | D:1      | Identified the +5 hand crossbow "Nuig" {penet, *Drain rC+ Dex+5} (Your wizardly powers created it on level 1 of the Dungeon)
   177 | D:1      | Identified the +9 hunting sling of Cowardice {velocity, rC+ rN+ MR+ Int+3} (Your wizardly powers created it on level 1 of the Dungeon)
   177 | D:1      | Identified the +7 quarterstaff "Gucsis" {holy, Dex+4} (Your wizardly powers created it on level 1 of the Dungeon)
   177 | D:1      | Identified the +2 hunting sling "Qeuthroy" {speed, rF+ Int+2} (Your wizardly powers created it on level 1 of the Dungeon)
   177 | D:1      | Identified the +4 rapier of Luxury {freeze, *Drain Str+9 Int-5 Dex+3} (Your wizardly powers created it on level 1 of the Dungeon)
   177 | D:1      | Identified the +0 hand crossbow of the Ecumenical Temple {flame, Str+3} (Your wizardly powers created it on level 1 of the Dungeon)
   177 | D:1      | Identified the +7 hunting sling of the Shark {flame, rF++ Int-2 Dex+6} (Your wizardly powers created it on level 1 of the Dungeon)
   177 | D:1      | Identified the +8 broad axe "Ruceyfeo" {chop, MR+} (Your wizardly powers created it on level 1 of the Dungeon)
   177 | D:1      | Identified the +1 hunting sling of Lyfock {velocity, MR++ Int+7} (Your wizardly powers created it on level 1 of the Dungeon)
   177 | D:1      | Identified the +2 scimitar of the Known World {slice, *Drain +Rage Str+2 Dex+5} (Your wizardly powers created it on level 1 of the Dungeon)
   177 | D:1      | Identified the +12 rapier of Division {venom, rElec Int+3 Dex+5 SInv} (Your wizardly powers created it on level 1 of the Dungeon)
   177 | D:1      | Identified the +2 eveningstar of Fear {venom, *Rage rPois MR+ Str+3} (Your wizardly powers created it on level 1 of the Dungeon)
   177 | D:1      | Identified the +4 lajatang "Rahy" {slice, rElec rF++} (Your wizardly powers created it on level 1 of the Dungeon)
   177 | D:1      | Identified the +4 hand crossbow "Puefoiwn" {venom, Int+3 Dex+4} (Your wizardly powers created it on level 1 of the Dungeon)
   177 | D:1      | Identified the +7 scimitar of Giri {antimagic, Fragile Dex+5 Stlth+} (Your wizardly powers created it on level 1 of the Dungeon)
   177 | D:1      | Identified the +9 spear "Transmigrator" {pierce, rC+} (Your wizardly powers created it on level 1 of the Dungeon)
   177 | D:1      | Identified the +7 quick blade of the Morning {freeze, MR+ Str-2 Int+4} (Your wizardly powers created it on level 1 of the Dungeon)
   177 | D:1      | Identified the +11 quick blade of Xezeb {flame, *Rage +Rage rN+ MR+++} (Your wizardly powers created it on level 1 of the Dungeon)
   177 | D:1      | Identified the +1 hand crossbow "Johonu" {flame, rN++ Str-3 Dex+4} (Your wizardly powers created it on level 1 of the Dungeon)
   177 | D:1      | Identified the +2 hunting sling "Sorhusch" {freeze, +Fly Str+2 Dex-4} (Your wizardly powers created it on level 1 of the Dungeon)
   177 | D:1      | Identified the +8 hunting sling "Zaworrei" {velocity, MR+ Str+4 Int+2 Stlth-} (Your wizardly powers created it on level 1 of the Dungeon)
   177 | D:1      | Identified the +2 hand crossbow of Ash {flame, +Blink rF- MR+} (Your wizardly powers created it on level 1 of the Dungeon)
   177 | D:1      | Identified the +8 demon blade "Woghosomp" {pain, Dex+3} (Your wizardly powers created it on level 1 of the Dungeon)
   177 | D:1      | Identified the +8 scimitar of the Last Places {antimagic, rElec rN+++ Int-5 Dex-3} (Your wizardly powers created it on level 1 of the Dungeon)
   177 | D:1      | Identified the +3 scimitar "Masor" {slice, Dex+5} (Your wizardly powers created it on level 1 of the Dungeon)
   177 | D:1      | Identified the +2 hunting sling "Guofych" {speed, rPois Str-3 Int+6} (Your wizardly powers created it on level 1 of the Dungeon)
   177 | D:1      | Identified the +10 demon blade "Luplaf" {vamp, Str+2 Int-5 Dex+4} (Your wizardly powers created it on level 1 of the Dungeon)
   177 | D:1      | Identified the +8 hand axe "Vimoag" {chop, *Slow MR+++ Dex+2 Stlth+} (Your wizardly powers created it on level 1 of the Dungeon)
   177 | D:1      | Identified the +6 rapier of Lut Ucee {pierce, rF- Str+6 Int+5} (Your wizardly powers created it on level 1 of the Dungeon)
   177 | D:1      | Identified the +1 hand crossbow of Checkmate {elec, rC+ Str+6 Int+2 Dex-4} (Your wizardly powers created it on level 1 of the Dungeon)
   177 | D:1      | Identified the +2 rapier of Action {pierce, Str+4} (Your wizardly powers created it on level 1 of the Dungeon)
   177 | D:1      | Identified the +7 hand crossbow of the Manifold Ghosts {freeze, rElec rN++ Str+3 Int-2} (Your wizardly powers created it on level 1 of the Dungeon)
   177 | D:1      | Identified the +9 hand crossbow of Indomitability {velocity, rF+} (Your wizardly powers created it on level 1 of the Dungeon)
   177 | D:1      | Identified the +4 long sword of Nuffu {flame, *Slow rF++ SInv} (Your wizardly powers created it on level 1 of the Dungeon)
   177 | D:1      | Identified the +1 flail "Wechoqut" {crush, Dex+6} (Your wizardly powers created it on level 1 of the Dungeon)
   177 | D:1      | Identified the +10 hand crossbow "Ewisorodgh" {flame, rC++ Int+3 Dex-3 Stlth-} (Your wizardly powers created it on level 1 of the Dungeon)
   177 | D:1      | Identified the +10 fustibalus of Xom's Vengeance {freeze, MR++ Str+6 SInv} (Your wizardly powers created it on level 1 of the Dungeon)
   177 | D:1      | Identified the +7 war axe "Unovaor" {distort, Str+7} (Your wizardly powers created it on level 1 of the Dungeon)
   177 | D:1      | Identified the +3 shortbow of Battle {venom, rC+} (Your wizardly powers created it on level 1 of the Dungeon)
   177 | D:1      | Identified the +4 fustibalus of Moral Flaws {freeze, Int+6} (Your wizardly powers created it on level 1 of the Dungeon)
   177 | D:1      | Identified the +8 rapier "Rirphosymabe" {vamp, Dex+4} (Your wizardly powers created it on level 1 of the Dungeon)
   177 | D:1      | Identified the +0 hunting sling of Poverty {freeze, rC+} (Your wizardly powers created it on level 1 of the Dungeon)
   177 | D:1      | Identified the +7 hunting sling of Gyar {venom, Int+4} (Your wizardly powers created it on level 1 of the Dungeon)
   177 | D:1      | Identified the +2 quarterstaff "Udadine" {crush, rElec Dex+4} (Your wizardly powers created it on level 1 of the Dungeon)
   177 | D:1      | Identified the +4 morningstar "Tovu" {venom, *Rage Int+3} (Your wizardly powers created it on level 1 of the Dungeon)
   177 | D:1      | Identified the +6 lajatang of Destiny {slice, Int+3 Dex+2} (Your wizardly powers created it on level 1 of the Dungeon)
   177 | D:1      | Identified the +3 quick blade of the Foot {pierce, rElec Dex+5} (Your wizardly powers created it on level 1 of the Dungeon)
   177 | D:1      | Identified the +1 fustibalus "Ylostruf" {venom, rN+ Int-3 SInv} (Your wizardly powers created it on level 1 of the Dungeon)
   177 | D:1      | Identified the +8 hand axe of the Inferno {holy, MR+ Dex+5} (Your wizardly powers created it on level 1 of the Dungeon)
   177 | D:1      | Identified the +3 demon blade "Killer Bee's Peril" {slice, *Drain rC+ rN+ Int+2} (Your wizardly powers created it on level 1 of the Dungeon)
   177 | D:1      | Identified the +8 spear of Growth {venom, rPois rN+++ MP+9 Dex-3} (Your wizardly powers created it on level 1 of the Dungeon)
   177 | D:1      | Identified the +6 quarterstaff "Pammel" {crush, rF+ Dex+3} (Your wizardly powers created it on level 1 of the Dungeon)
   177 | D:1      | Identified the +5 hunting sling of Lienacre {velocity, +Fly rN++ MR- Stlth-} (Your wizardly powers created it on level 1 of the Dungeon)
   177 | D:1      | Identified the +2 lajatang "Ylisul" {slice, *Slow rN+ Str+4 Dex+3} (Your wizardly powers created it on level 1 of the Dungeon)
   177 | D:1      | Identified the +8 hunting sling of Desperation {venom, +Fly rC+} (Your wizardly powers created it on level 1 of the Dungeon)
   177 | D:1      | Identified the +6 shortbow "Worm" {velocity, Int+2 Dex+4} (Your wizardly powers created it on level 1 of the Dungeon)
   177 | D:1      | Identified the +10 hand axe "Zuenev" {freeze, rPois Int+4} (Your wizardly powers created it on level 1 of the Dungeon)
   177 | D:1      | Identified the +5 eveningstar of Anxiety {drain, rN+ Dex+2} (Your wizardly powers created it on level 1 of the Dungeon)
   177 | D:1      | Identified the +5 scimitar "Luz Zues" {protect, MR+ Int+4 Dex+5} (Your wizardly powers created it on level 1 of the Dungeon)
   177 | D:1      | Identified the +5 war axe of the Nine Tales {venom, rF+ rC- MR+ Int+2} (Your wizardly powers created it on level 1 of the Dungeon)
   177 | D:1      | Identified the +7 war axe "Sirr" {chop, rElec Str+3 SInv} (Your wizardly powers created it on level 1 of the Dungeon)
   177 | D:1      | Identified the +1 war axe "Fusoz" {chop, *Corrode rPois MR- Dex+7} (Your wizardly powers created it on level 1 of the Dungeon)
   177 | D:1      | Identified the +0 hunting sling "Jehueng" {velocity, MR+} (Your wizardly powers created it on level 1 of the Dungeon)
   177 | D:1      | Identified the +7 hand axe "Fozourir" {chop, rF+} (Your wizardly powers created it on level 1 of the Dungeon)
   177 | D:1      | Identified the +4 quarterstaff of Meomouc {flame, +Inv rElec} (Your wizardly powers created it on level 1 of the Dungeon)
   177 | D:1      | Identified the +1 morningstar "Ureleria" {holy, +Blink rPois rF-} (Your wizardly powers created it on level 1 of the Dungeon)
   177 | D:1      | Identified the +9 falchion of the Nine Wars {slice, rPois} (Your wizardly powers created it on level 1 of the Dungeon)
   177 | D:1      | Identified the +9 hunting sling "Awkoizuo" {venom, Int+4} (Your wizardly powers created it on level 1 of the Dungeon)
   177 | D:1      | Identified the +1 hand crossbow "Icvaot" {elec, -Tele MR+ Dex+6} (Your wizardly powers created it on level 1 of the Dungeon)
   177 | D:1      | Identified the +7 hunting sling of Anxiety {freeze, Str+4 Dex+6} (Your wizardly powers created it on level 1 of the Dungeon)
   177 | D:1      | Identified the +11 rapier "Rizaic" {antimagic, rC+ Int+3} (Your wizardly powers created it on level 1 of the Dungeon)
   177 | D:1      | Identified the +8 lajatang of Putrescence {venom, Dex+3} (Your wizardly powers created it on level 1 of the Dungeon)
   177 | D:1      | Identified the +6 morningstar "Xiecvouth" {crush, rPois rF- Str+2} (Your wizardly powers created it on level 1 of the Dungeon)
   177 | D:1      | Identified the +6 short sword "Killer Bee's Doom" {pierce, rF+} (Your wizardly powers created it on level 1 of the Dungeon)
   177 | D:1      | Identified the +2 eveningstar of the Forest {drain, rC+ rN+ Str+3 SInv} (Your wizardly powers created it on level 1 of the Dungeon)
   177 | D:1      | Identified the +4 lajatang of Awic {flame, rN+ MP+9} (Your wizardly powers created it on level 1 of the Dungeon)
   177 | D:1      | Identified the +0 hand crossbow of Imbalance {freeze, MR+ Str+5 Int+4} (Your wizardly powers created it on level 1 of the Dungeon)
   177 | D:1      | Identified the +0 scimitar of Sequestration {speed, rC+} (Your wizardly powers created it on level 1 of the Dungeon)
   177 | D:1      | Identified the +9 fustibalus "Xiohir" {venom, rPois Str+3} (Your wizardly powers created it on level 1 of the Dungeon)
   177 | D:1      | Identified the +1 lajatang of Thoughtfulness {flame, Str+4 SInv} (Your wizardly powers created it on level 1 of the Dungeon)
   177 | D:1      | Identified the +0 mace of the Hall of Blades {speed, Str+6 Int+3} (Your wizardly powers created it on level 1 of the Dungeon)
   177 | D:1      | Identified the +12 shortbow "Wyatrid" {venom, Dex+4} (Your wizardly powers created it on level 1 of the Dungeon)
   177 | D:1      | Identified the +8 hand crossbow of Midsummer {penet, rF- rN+++ MR+++ Stlth-} (Your wizardly powers created it on level 1 of the Dungeon)
   177 | D:1      | Identified the +9 rapier of Ficain {flame, *Contam rElec Dex+2 Stlth+} (Your wizardly powers created it on level 1 of the Dungeon)
   177 | D:1      | Identified the +9 rapier "Puciebb" {pierce, rPois rF+} (Your wizardly powers created it on level 1 of the Dungeon)
   177 | D:1      | Identified the +4 quick blade "Qopuum" {protect, -Tele MR++ Dex+6} (Your wizardly powers created it on level 1 of the Dungeon)
   177 | D:1      | Identified the +7 hand crossbow "Beastslayer" {freeze, rPois rC+++ Str-2} (Your wizardly powers created it on level 1 of the Dungeon)
   177 | D:1      | Identified the +1 quarterstaff "Lipair" {crush, Dex+5} (Your wizardly powers created it on level 1 of the Dungeon)
   177 | D:1      | Identified the +11 quarterstaff of Voung {venom, +Rage Dex+4 Stlth-} (Your wizardly powers created it on level 1 of the Dungeon)
   177 | D:1      | Identified the +1 shortbow "Eraebb" {freeze, +Inv Dex+3} (Your wizardly powers created it on level 1 of the Dungeon)
   177 | D:1      | Identified the +3 demon whip of Hekh {pain, +Fly rElec Str+3 Int+3} (Your wizardly powers created it on level 1 of the Dungeon)
   177 | D:1      | Identified the +8 war axe of Truth {vamp, rF+} (Your wizardly powers created it on level 1 of the Dungeon)
   177 | D:1      | Identified the +11 long sword "Hiomaosk" {slice, *Rage rElec rPois rN+} (Your wizardly powers created it on level 1 of the Dungeon)
   177 | D:1      | Identified the +4 hunting sling of Eternal Vigilance {speed, rPois rF++ Int-4 Dex+3} (Your wizardly powers created it on level 1 of the Dungeon)
   177 | D:1      | Identified the +1 scimitar "Fuahoece" {slice, rPois} (Your wizardly powers created it on level 1 of the Dungeon)
   177 | D:1      | Identified the +6 short sword of Devotion {pierce, Int+7} (Your wizardly powers created it on level 1 of the Dungeon)
   177 | D:1      | Identified the +9 flail of the Middle {venom, SInv} (Your wizardly powers created it on level 1 of the Dungeon)
   177 | D:1      | Identified the +9 spear of Action {antimagic, Dex+2} (Your wizardly powers created it on level 1 of the Dungeon)
   177 | D:1      | Identified the +5 hand crossbow "Cimuafuo" {penet, *Drain rC+ Str+6} (Your wizardly powers created it on level 1 of the Dungeon)
   177 | D:1      | Identified the +4 war axe of Ruestre {chop, rF+ rC+} (Your wizardly powers created it on level 1 of the Dungeon)
   177 | D:1      | Identified the +7 hand crossbow "Faunor" {freeze, rF+} (Your wizardly powers created it on level 1 of the Dungeon)
   177 | D:1      | Identified the +4 hand crossbow of Mecoid {penet, rF++ rN++ Dex-3} (Your wizardly powers created it on level 1 of the Dungeon)
   177 | D:1      | Identified the +7 hand crossbow of Indomitability {elec, rF+} (Your wizardly powers created it on level 1 of the Dungeon)
   177 | D:1      | Identified the +2 scimitar "Xaysanoc" {slice, rPois rN+++ Stlth+} (Your wizardly powers created it on level 1 of the Dungeon)
   177 | D:1      | Identified the +6 hand crossbow of Usyan {velocity, Int-2 Dex+5} (Your wizardly powers created it on level 1 of the Dungeon)
   177 | D:1      | Identified the +7 fustibalus "Liponul" {flame, Fragile Str+2 Int+9 Dex-2} (Your wizardly powers created it on level 1 of the Dungeon)
   177 | D:1      | Identified the +1 hand crossbow of False Accusations {flame, Str+3} (Your wizardly powers created it on level 1 of the Dungeon)
   177 | D:1      | Identified the +3 fustibalus of Okawaru {flame, Str+3} (Your wizardly powers created it on level 1 of the Dungeon)
   177 | D:1      | Identified the +8 eveningstar of Kindness {venom, rF+ Int+6} (Your wizardly powers created it on level 1 of the Dungeon)
   177 | D:1      | Identified the +5 quick blade of Foolhardiness {pierce, *Contam +Blink rF++ Str-4 SInv} (Your wizardly powers created it on level 1 of the Dungeon)
   177 | D:1      | Identified the +1 short sword of Action {pierce, +Blink +Inv MR- Dex+6} (Your wizardly powers created it on level 1 of the Dungeon)
   177 | D:1      | Identified the +9 lajatang "Azuafi" {elec, rPois} (Your wizardly powers created it on level 1 of the Dungeon)
   177 | D:1      | Identified the +7 hand crossbow of Otediqat {venom, rPois} (Your wizardly powers created it on level 1 of the Dungeon)
   177 | D:1      | Identified the +9 war axe "Spriggan's Curse" {chop, *Contam rF- rN+++ MR+++} (Your wizardly powers created it on level 1 of the Dungeon)
   177 | D:1      | Identified the +2 dagger "Nauqi" {drain, Int+2} (Your wizardly powers created it on level 1 of the Dungeon)
   177 | D:1      | Identified the +0 scimitar of Conservatism {protect, rElec rC+ Str+2 SInv} (Your wizardly powers created it on level 1 of the Dungeon)
   177 | D:1      | Identified the +2 quick blade of Ymoesa {flame, MR+} (Your wizardly powers created it on level 1 of the Dungeon)
   177 | D:1      | Identified the +2 fustibalus "Hyhexuf" {venom, +Blink rPois rF- Dex+3} (Your wizardly powers created it on level 1 of the Dungeon)
   177 | D:1      | Identified the +8 hand crossbow of Cheese {elec, MR+ Dex+3 SInv} (Your wizardly powers created it on level 1 of the Dungeon)
   177 | D:1      | Identified the +5 quick blade of World's End {elec, Str+6} (Your wizardly powers created it on level 1 of the Dungeon)
   177 | D:1      | Identified the +2 morningstar "Ushruc" {speed, rC- rN+ MR+} (Your wizardly powers created it on level 1 of the Dungeon)
   177 | D:1      | Identified the +0 hand crossbow of Exhibitionism {elec, rC+ Str+7 Stlth+} (Your wizardly powers created it on level 1 of the Dungeon)
   177 | D:1      | Identified the +7 hand crossbow of Valiance {elec, rF+ rC++} (Your wizardly powers created it on level 1 of the Dungeon)
   177 | D:1      | Identified the +2 rapier of Asumeer {venom, rElec rC++ Stlth-} (Your wizardly powers created it on level 1 of the Dungeon)
   177 | D:1      | Identified the +6 scimitar of Gubasem {flame, rN+} (Your wizardly powers created it on level 1 of the Dungeon)
   177 | D:1      | Identified the +2 quick blade of Caexebysm {chaos, MR- Str+4 Dex+2} (Your wizardly powers created it on level 1 of the Dungeon)
   177 | D:1      | Identified the +7 war axe of Doom {pain, *Contam rN+ Int+5} (Your wizardly powers created it on level 1 of the Dungeon)
   177 | D:1      | Identified the +0 war axe of the End {speed, Str+4} (Your wizardly powers created it on level 1 of the Dungeon)
   177 | D:1      | Identified the +3 hand crossbow "Letzok" {elec, *Contam rPois MR++ SInv} (Your wizardly powers created it on level 1 of the Dungeon)
   177 | D:1      | Identified the +10 eveningstar of Royalism {crush, rF+ rC+ Dex+4} (Your wizardly powers created it on level 1 of the Dungeon)
   177 | D:1      | Identified the +7 war axe "Sunkan" {freeze, rPois} (Your wizardly powers created it on level 1 of the Dungeon)
   177 | D:1      | Identified the +8 hand crossbow of Ofozua {penet, rPois MR+ Str+4} (Your wizardly powers created it on level 1 of the Dungeon)
   177 | D:1      | Identified the +2 hunting sling of a treasure trove {venom, MR+ SInv Stlth-} (Your wizardly powers created it on level 1 of the Dungeon)
   177 | D:1      | Identified the +6 rapier "Wayhocew" {protect, rC+ rN+ MR+} (Your wizardly powers created it on level 1 of the Dungeon)
   177 | D:1      | Identified the +8 hand crossbow of Anguish {freeze, Int+4} (Your wizardly powers created it on level 1 of the Dungeon)
   177 | D:1      | Identified the +3 rapier of Irivvu Emish {drain, Int+6} (Your wizardly powers created it on level 1 of the Dungeon)
   177 | D:1      | Identified the +1 lajatang of Subjectivity {slice, Int+2} (Your wizardly powers created it on level 1 of the Dungeon)
   177 | D:1      | Identified the +8 hand axe "Saczoh" {antimagic, Dex+3} (Your wizardly powers created it on level 1 of the Dungeon)
   177 | D:1      | Identified the +5 hand crossbow of Bupp {penet, rPois MR+} (Your wizardly powers created it on level 1 of the Dungeon)
   177 | D:1      | Identified the +3 quarterstaff "Detwain" {crush, +Blink rN++ Str+4 Stlth-} (Your wizardly powers created it on level 1 of the Dungeon)
   177 | D:1      | Identified the +6 lajatang of Ashroitom {speed, *Corrode +Rage Str+3 Int+3} (Your wizardly powers created it on level 1 of the Dungeon)
   177 | D:1      | Identified the +5 demon whip of Hulollo {slash, rElec Int+5} (Your wizardly powers created it on level 1 of the Dungeon)
   177 | D:1      | Identified the +2 hand crossbow "Hacvad" {freeze, Dex+4} (Your wizardly powers created it on level 1 of the Dungeon)
   177 | D:1      | Identified the +1 fustibalus of Cix Uhuq {flame, rC+ Dex+5} (Your wizardly powers created it on level 1 of the Dungeon)
   177 | D:1      | Identified the +4 hunting sling of the Spinneret {velocity, rElec rC+ Str-3 Stlth+} (Your wizardly powers created it on level 1 of the Dungeon)
   177 | D:1      | Identified the +5 falchion "Eskar" {freeze, +Fly MR+ Int+6} (Your wizardly powers created it on level 1 of the Dungeon)
   177 | D:1      | Identified the +4 scimitar "Undertaker" {slice, Int+3} (Your wizardly powers created it on level 1 of the Dungeon)
   177 | D:1      | Identified the +6 morningstar of Cauromog {flame, Dex+2} (Your wizardly powers created it on level 1 of the Dungeon)
   177 | D:1      | Identified the +5 flail of Honesty {flame, rC+ rN++ Dex-2 SInv} (Your wizardly powers created it on level 1 of the Dungeon)
   177 | D:1      | Identified the +2 scimitar of the Establishment {holy, MR+ Dex+2 Stlth+} (Your wizardly powers created it on level 1 of the Dungeon)
   177 | D:1      | Identified the +9 morningstar of the Inquisitive Curses {freeze, +Rage rN+} (Your wizardly powers created it on level 1 of the Dungeon)
   177 | D:1      | Identified the +0 hand axe of Xutog {chop, +Rage rC+ MR+ Dex+5} (Your wizardly powers created it on level 1 of the Dungeon)
   177 | D:1      | Identified the +4 hunting sling of Wondrous Power {speed, rF+} (Your wizardly powers created it on level 1 of the Dungeon)
   177 | D:1      | Identified the +3 eveningstar "Ufagamul" {crush, +Inv rElec MP-9 Str+6} (Your wizardly powers created it on level 1 of the Dungeon)
   177 | D:1      | Identified the +4 eveningstar of the Wasp {crush, Int+2} (Your wizardly powers created it on level 1 of the Dungeon)
   177 | D:1      | Identified the +4 rapier of Igueli Emebu {venom, rElec Int+4} (Your wizardly powers created it on level 1 of the Dungeon)
   177 | D:1      | Identified the +5 hand crossbow of a sewer {flame, rElec Int+4} (Your wizardly powers created it on level 1 of the Dungeon)
   177 | D:1      | Identified the +0 quarterstaff of the Unspeakable One {crush, rN+} (Your wizardly powers created it on level 1 of the Dungeon)
   177 | D:1      | Identified the +6 quarterstaff of Execution {flame, rElec Int+4} (Your wizardly powers created it on level 1 of the Dungeon)
   177 | D:1      | Identified the +9 scimitar "Zefoskia" {antimagic, +Blink rElec rC+ Stlth+} (Your wizardly powers created it on level 1 of the Dungeon)
   177 | D:1      | Identified the +3 morningstar of the Key {distort, *Drain rF+++ Int+5} (Your wizardly powers created it on level 1 of the Dungeon)
   177 | D:1      | Identified the +6 lajatang of Qageocvo {pain, rPois rC+} (Your wizardly powers created it on level 1 of the Dungeon)
   177 | D:1      | Identified the +7 spear of a ziggurat {pierce, Str+2 Int+4} (Your wizardly powers created it on level 1 of the Dungeon)
   177 | D:1      | Identified the +8 quick blade of World's End {pierce, *Contam rC+ SInv} (Your wizardly powers created it on level 1 of the Dungeon)
   177 | D:1      | Identified the +3 quick blade of Uncertain Death {drain, Str+4} (Your wizardly powers created it on level 1 of the Dungeon)
   177 | D:1      | Identified the +6 eveningstar of Blood-Lust {protect, Fragile +Fly rC++ MR+} (Your wizardly powers created it on level 1 of the Dungeon)
   177 | D:1      | Identified the +8 quarterstaff of Execution {crush, rC+ Stlth+} (Your wizardly powers created it on level 1 of the Dungeon)
   177 | D:1      | Identified the +1 hunting sling of Eternal War {flame, MR+ Dex+2} (Your wizardly powers created it on level 1 of the Dungeon)
   177 | D:1      | Identified the +3 hand crossbow of Wainitatt {penet, SInv} (Your wizardly powers created it on level 1 of the Dungeon)
   177 | D:1      | Identified the +0 quarterstaff of Terra Cotta {drain, Fragile +Fly rC++ Dex+4} (Your wizardly powers created it on level 1 of the Dungeon)
   177 | D:1      | Identified the +4 short sword of Butchery {freeze, rF++ rC- MP+9 Int+3} (Your wizardly powers created it on level 1 of the Dungeon)
   177 | D:1      | Identified the +2 hunting sling of Ezytysagum {flame, rPois} (Your wizardly powers created it on level 1 of the Dungeon)
   177 | D:1      | Identified the +0 spear of Karma {freeze, *Drain rPois Dex+7 Stlth+} (Your wizardly powers created it on level 1 of the Dungeon)
   177 | D:1      | Identified the +3 scimitar "Keworph" {pain, MP+9} (Your wizardly powers created it on level 1 of the Dungeon)
   177 | D:1      | Identified the +3 lajatang of the Penguin {antimagic, Int+6} (Your wizardly powers created it on level 1 of the Dungeon)
   177 | D:1      | Identified the +6 quarterstaff of the Past {drain, *Contam +Blink rF- Str+9} (Your wizardly powers created it on level 1 of the Dungeon)
   177 | D:1      | Identified the +2 hunting sling of Tufoej {speed, *Contam Str+4} (Your wizardly powers created it on level 1 of the Dungeon)
   177 | D:1      | Identified the +1 hand crossbow of Ru's Reproof {velocity, rC+} (Your wizardly powers created it on level 1 of the Dungeon)
   177 | D:1      | Identified the +6 double sword of Gin and Tonic {drain, Str+5} (Your wizardly powers created it on level 1 of the Dungeon)
   177 | D:1      | Identified the +3 demon blade of Gufa Ane {slice, SInv} (Your wizardly powers created it on level 1 of the Dungeon)
   177 | D:1      | Identified the +12 hunting sling of the Mind {flame, Int+2 Dex+4} (Your wizardly powers created it on level 1 of the Dungeon)
   177 | D:1      | Identified the +1 hand axe of Putwo {venom, Int+3} (Your wizardly powers created it on level 1 of the Dungeon)
   177 | D:1      | Identified the +2 spear of Punishment {chaos, *Contam Str+6} (Your wizardly powers created it on level 1 of the Dungeon)
   177 | D:1      | Identified the +1 hand crossbow "Meazepno" {freeze, rPois rN+ Str-2 Int+3} (Your wizardly powers created it on level 1 of the Dungeon)
   177 | D:1      | Identified the +3 war axe "Ybesoxip" {pain, *Noise rElec Int+4} (Your wizardly powers created it on level 1 of the Dungeon)
   177 | D:1      | Identified the +2 hand crossbow "Zixkivinirph" {penet, rPois rF+} (Your wizardly powers created it on level 1 of the Dungeon)
   177 | D:1      | Identified the +1 war axe of Ebadd {freeze, rF+} (Your wizardly powers created it on level 1 of the Dungeon)
   177 | D:1      | Identified the +6 lajatang "Zaedwez" {slice, MR+} (Your wizardly powers created it on level 1 of the Dungeon)
   177 | D:1      | Identified the +8 war axe "Piuwnu" {freeze, *Slow rElec rPois MR+} (Your wizardly powers created it on level 1 of the Dungeon)
   177 | D:1      | Identified the +2 hunting sling "Cion Kah" {speed, Fragile rC+ Dex+5 Stlth+} (Your wizardly powers created it on level 1 of the Dungeon)
   177 | D:1      | Identified the +2 quick blade of the World {flame, rC+ Str-4 Dex+5} (Your wizardly powers created it on level 1 of the Dungeon)
   177 | D:1      | Identified the +2 eveningstar "Sithru Hyid" {freeze, *Corrode rPois Int+2} (Your wizardly powers created it on level 1 of the Dungeon)
   177 | D:1      | Identified the +10 spear of Cacuhusi {antimagic, Str+6 Dex+6} (Your wizardly powers created it on level 1 of the Dungeon)
   177 | D:1      | Identified the +9 morningstar of the Genius {crush, Dex+3} (Your wizardly powers created it on level 1 of the Dungeon)
   177 | D:1      | Identified the +5 short sword of Dithmenos's Supremacy {protect, *Corrode rF+++ Str-4 Int+7} (Your wizardly powers created it on level 1 of the Dungeon)
   177 | D:1      | Identified the +6 arbalest of Tenacity {penet, rF+} (Your wizardly powers created it on level 1 of the Dungeon)
   177 | D:1      | Identified the +10 rapier of Desertification {freeze, *Rage +Inv rN+++} (Your wizardly powers created it on level 1 of the Dungeon)
   177 | D:1      | Identified the +1 short sword of Upheaval {freeze, rC+ Str+3} (Your wizardly powers created it on level 1 of the Dungeon)
   177 | D:1      | Identified the +0 lajatang of a sewer {venom, +Blink MP+9 Dex+2} (Your wizardly powers created it on level 1 of the Dungeon)
   177 | D:1      | Identified the +1 morningstar of Watchfulness {flame, +Rage MP+9} (Your wizardly powers created it on level 1 of the Dungeon)
   177 | D:1      | Identified the +1 demon whip of Vuklic {drain, *Corrode rC+ Int+4} (Your wizardly powers created it on level 1 of the Dungeon)
   177 | D:1      | Identified the +0 eveningstar "Arbiter" {crush, +Blink rF+ MP+9 Dex-3} (Your wizardly powers created it on level 1 of the Dungeon)
   177 | D:1      | Identified the +1 war axe of Wija Jem {flame, Dex+4 SInv} (Your wizardly powers created it on level 1 of the Dungeon)
   177 | D:1      | Identified the +5 morningstar "Ucveaf" {venom, rC+ rN+} (Your wizardly powers created it on level 1 of the Dungeon)
   177 | D:1      | Identified the +12 demon whip of Forced Transition {venom, rC+ MR+ Str+4 Dex-3} (Your wizardly powers created it on level 1 of the Dungeon)
   177 | D:1      | Identified the +2 lajatang "Faeblefe" {speed, *Corrode +Rage rC+ SInv} (Your wizardly powers created it on level 1 of the Dungeon)
   177 | D:1      | Identified the +1 hand crossbow "Giloydempu" {elec, rF+ MR++} (Your wizardly powers created it on level 1 of the Dungeon)
   177 | D:1      | Identified the +2 falchion of Expedience {slice, +Fly Stlth+} (Your wizardly powers created it on level 1 of the Dungeon)
   177 | D:1      | Identified the +4 war axe of Vayxaemera {chop, rElec rPois Dex+4 Stlth+} (Your wizardly powers created it on level 1 of the Dungeon)
   177 | D:1      | Identified the +0 morningstar "Habbib" {vamp, rF+ rC+} (Your wizardly powers created it on level 1 of the Dungeon)
   177 | D:1      | Identified the +7 quarterstaff of Terror {antimagic, MR- MP+9 Int+4 Dex+9} (Your wizardly powers created it on level 1 of the Dungeon)
   177 | D:1      | Identified the +12 rapier of Recklessness {flame, rElec Int+6} (Your wizardly powers created it on level 1 of the Dungeon)
   177 | D:1      | Identified the +8 hunting sling of Vanity {freeze, rPois} (Your wizardly powers created it on level 1 of the Dungeon)
   177 | D:1      | Identified the +1 falchion "Xouran Umeff" {chaos, SInv} (Your wizardly powers created it on level 1 of the Dungeon)
   177 | D:1      | Identified the +7 quarterstaff "Ogrebane" {vamp, MR+ MP+9 Int+7 SInv} (Your wizardly powers created it on level 1 of the Dungeon)
   177 | D:1      | Identified the +5 scimitar of the Two Names {venom, *Corrode rC+ rN++ Int+3} (Your wizardly powers created it on level 1 of the Dungeon)
   177 | D:1      | Identified the +8 hand crossbow of Annoyance {flame, Dex+2} (Your wizardly powers created it on level 1 of the Dungeon)
   177 | D:1      | Identified the +2 hand crossbow of Wyrd {flame, +Blink} (Your wizardly powers created it on level 1 of the Dungeon)
   177 | D:1      | Identified the +1 lajatang of Pandemonium {slice, rF+ SInv} (Your wizardly powers created it on level 1 of the Dungeon)
   177 | D:1      | Identified the +5 hand crossbow of the Orange Skies {flame, rN+} (Your wizardly powers created it on level 1 of the Dungeon)
   177 | D:1      | Identified the +9 lajatang of Tagybext {venom, +Fly Dex+4 SInv} (Your wizardly powers created it on level 1 of the Dungeon)
   177 | D:1      | Identified the +4 flail of Fotey {drain, *Drain rElec rC- MR+++} (Your wizardly powers created it on level 1 of the Dungeon)
   177 | D:1      | Identified the +1 flail of Osauxkec {protect, Int+4} (Your wizardly powers created it on level 1 of the Dungeon)
   177 | D:1      | Identified the +1 eveningstar of Botwimac {crush, rPois Str+4} (Your wizardly powers created it on level 1 of the Dungeon)
   177 | D:1      | Identified the +7 quarterstaff of Glory {crush, rElec Str+3} (Your wizardly powers created it on level 1 of the Dungeon)
   177 | D:1      | Identified the +1 demon blade of Instinct {freeze, rC+ Dex+4 Stlth+} (Your wizardly powers created it on level 1 of the Dungeon)
   177 | D:1      | Identified the +5 hand crossbow "Rofaas" {flame, *Drain rElec rPois} (Your wizardly powers created it on level 1 of the Dungeon)
   177 | D:1      | Identified the +6 hand crossbow of a treasure trove {flame, rF- rN+ Int+6 SInv} (Your wizardly powers created it on level 1 of the Dungeon)
   177 | D:1      | Identified the +1 lajatang of Symmetry {distort, -Tele +Fly rF+ MR+} (Your wizardly powers created it on level 1 of the Dungeon)
   177 | D:1      | Identified the +6 lajatang of Gallantry {slice, rN+ Str-5 Dex+2} (Your wizardly powers created it on level 1 of the Dungeon)
   177 | D:1      | Identified the +0 quarterstaff "ETAOIN SHRDLU" {drain, Fragile +Fly Str+3 Int+6} (Your wizardly powers created it on level 1 of the Dungeon)
   177 | D:1      | Identified the +5 spear "Pamec" {pierce, +Blink rElec rF+ MR-} (Your wizardly powers created it on level 1 of the Dungeon)
   177 | D:1      | Identified the +4 hand crossbow "Ixene" {velocity, Str-4 Int+2 Dex+5} (Your wizardly powers created it on level 1 of the Dungeon)
   177 | D:1      | Identified the +11 demon blade of the Orcish Mines {venom, Stlth+} (Your wizardly powers created it on level 1 of the Dungeon)
   177 | D:1      | Identified the +4 hunting sling "Ogreslayer" {velocity, rF++} (Your wizardly powers created it on level 1 of the Dungeon)
   177 | D:1      | Identified the +3 shortbow of the Jester {venom, rF+ rN+ MR+ Dex+3} (Your wizardly powers created it on level 1 of the Dungeon)
   177 | D:1      | Identified the +4 lajatang of the Inferno {drain, Str-3 Int+7 Dex+7} (Your wizardly powers created it on level 1 of the Dungeon)
   177 | D:1      | Identified the +5 fustibalus "Vizit" {flame, Dex+6 Stlth-} (Your wizardly powers created it on level 1 of the Dungeon)
   177 | D:1      | Identified the +1 hand crossbow "Usiukhey" {velocity, rElec Str-4 Int+3 SInv} (Your wizardly powers created it on level 1 of the Dungeon)
   177 | D:1      | Identified the +1 war axe "Quacutz" {vamp, *Slow rElec Int+7 Stlth+} (Your wizardly powers created it on level 1 of the Dungeon)
   177 | D:1      | Identified the +0 scimitar of Peril {freeze, rElec rPois} (Your wizardly powers created it on level 1 of the Dungeon)
   177 | D:1      | Identified the +7 hunting sling of the Distant Future {freeze, Str+4} (Your wizardly powers created it on level 1 of the Dungeon)
   177 | D:1      | Identified the +1 scimitar "Buib Joa" {slice, MP+9} (Your wizardly powers created it on level 1 of the Dungeon)
   177 | D:1      | Identified the +1 hunting sling of the Jester {venom, -Tele rN+++ MP+9} (Your wizardly powers created it on level 1 of the Dungeon)
   177 | D:1      | Identified the +1 lajatang of Darkness {flame, Dex+5} (Your wizardly powers created it on level 1 of the Dungeon)
   177 | D:1      | Identified the +8 dagger of Disembowelment {pain, Str+6} (Your wizardly powers created it on level 1 of the Dungeon)
   177 | D:1      | Identified the +12 flail of Ygeggy {crush, rF+ Dex+4} (Your wizardly powers created it on level 1 of the Dungeon)
   177 | D:1      | Identified the +6 hunting sling of Welfare {flame, rF++ MR- Str-5 Dex+2} (Your wizardly powers created it on level 1 of the Dungeon)
   177 | D:1      | Identified the +1 fustibalus of Egoesiy {speed, *Contam rN+ Int+3} (Your wizardly powers created it on level 1 of the Dungeon)
   177 | D:1      | Identified the +9 spear of Laceration {pierce, rF++} (Your wizardly powers created it on level 1 of the Dungeon)
   177 | D:1      | Identified the +10 fustibalus of Ceuf {speed, rN+ MR++ Int-3} (Your wizardly powers created it on level 1 of the Dungeon)
   177 | D:1      | Identified the +8 short sword "Vihuuq" {drain, Int+5} (Your wizardly powers created it on level 1 of the Dungeon)
   177 | D:1      | Identified the +6 hand crossbow "Qameuz" {elec, MR++ Int-4} (Your wizardly powers created it on level 1 of the Dungeon)
   177 | D:1      | Identified the +5 morningstar "Hueras" {flame, MR++ Str+4 Int-5} (Your wizardly powers created it on level 1 of the Dungeon)
   177 | D:1      | Identified the +9 spear "Vorim" {freeze, rN+ Int+2 Dex+4 Stlth-} (Your wizardly powers created it on level 1 of the Dungeon)
   177 | D:1      | Identified the +8 hunting sling "Ixzeesk" {flame, rF+} (Your wizardly powers created it on level 1 of the Dungeon)
   177 | D:1      | Identified the +3 lajatang of Triumph {protect, *Drain +Fly rF+ Str+2} (Your wizardly powers created it on level 1 of the Dungeon)
   177 | D:1      | Identified the +8 long sword of the Evil Eye {pain, +Rage rN+ Dex+3} (Your wizardly powers created it on level 1 of the Dungeon)
   177 | D:1      | Identified the +7 dagger of a bailey {holy, rF+ Dex+7 SInv} (Your wizardly powers created it on level 1 of the Dungeon)
   177 | D:1      | Identified the +6 war axe "Jellybane" {freeze, rElec Str+3} (Your wizardly powers created it on level 1 of the Dungeon)
   177 | D:1      | Identified the +7 war axe of Destruction {freeze, Str+4} (Your wizardly powers created it on level 1 of the Dungeon)
   177 | D:1      | Identified the +7 war axe of Truth {flame, MR+ Str+8 Dex-2 Stlth+} (Your wizardly powers created it on level 1 of the Dungeon)
   177 | D:1      | Identified the +5 lajatang "Koga" {vamp, rElec MR+ Dex+2} (Your wizardly powers created it on level 1 of the Dungeon)
   177 | D:1      | Identified the +6 long sword of Dissolution {pain, Str+2} (Your wizardly powers created it on level 1 of the Dungeon)
   177 | D:1      | Identified the +6 hunting sling "Xafomet" {venom, +Inv rF+ Str+4 SInv} (Your wizardly powers created it on level 1 of the Dungeon)
   177 | D:1      | Identified the +8 dagger "Watihe" {pierce, Dex+4} (Your wizardly powers created it on level 1 of the Dungeon)
   177 | D:1      | Identified the +12 hand crossbow of Past Mistakes {velocity, SInv Stlth+} (Your wizardly powers created it on level 1 of the Dungeon)
   177 | D:1      | Identified the +4 lajatang of Peril {slice, Int+3 Dex+3} (Your wizardly powers created it on level 1 of the Dungeon)
   177 | D:1      | Identified the +11 lajatang "Hoxo" {vamp, MP+9} (Your wizardly powers created it on level 1 of the Dungeon)
   177 | D:1      | Identified the +9 short sword of Syegaagg {freeze, Str+4} (Your wizardly powers created it on level 1 of the Dungeon)
   177 | D:1      | Identified the +4 lajatang "Giantslayer" {freeze, SInv} (Your wizardly powers created it on level 1 of the Dungeon)
   177 | D:1      | Identified the +9 rapier "Uczean" {pierce, rN+} (Your wizardly powers created it on level 1 of the Dungeon)
   177 | D:1      | Identified the +7 hunting sling "Ethaist" {flame, rElec rF++ rC+ Stlth-} (Your wizardly powers created it on level 1 of the Dungeon)
   177 | D:1      | Identified the +9 war axe "Remn" {freeze, *Noise rN++ Dex+3} (Your wizardly powers created it on level 1 of the Dungeon)
   177 | D:1      | Identified the +0 flail "Yneasuet" {crush, MR+} (Your wizardly powers created it on level 1 of the Dungeon)
   177 | D:1      | Identified the +2 war axe "Fyhauqyxt" {elec, +Inv} (Your wizardly powers created it on level 1 of the Dungeon)
   177 | D:1      | Identified the +6 long sword of Bodily Humours {freeze, Dex+3} (Your wizardly powers created it on level 1 of the Dungeon)
   177 | D:1      | Identified the +1 rapier of Infection {freeze, Dex+4} (Your wizardly powers created it on level 1 of the Dungeon)
   177 | D:1      | Identified the +8 quarterstaff "Maginawn" {crush, Stlth+} (Your wizardly powers created it on level 1 of the Dungeon)
   177 | D:1      | Identified the +5 demon blade "Embalmer" {vamp, *Noise rF+ SInv} (Your wizardly powers created it on level 1 of the Dungeon)
   177 | D:1      | Identified the +3 hunting sling of Defiance {flame, *Corrode Str+2 SInv} (Your wizardly powers created it on level 1 of the Dungeon)
   177 | D:1      | Identified the +1 morningstar "Jellybane" {crush, +Inv MP+9 Str+2} (Your wizardly powers created it on level 1 of the Dungeon)
   177 | D:1      | Identified the +9 lajatang "Cammyloo" {antimagic, +Inv rPois Dex-4 Stlth+} (Your wizardly powers created it on level 1 of the Dungeon)
   177 | D:1      | Identified the +8 fustibalus "Toypsucu" {flame, rF+ MR+} (Your wizardly powers created it on level 1 of the Dungeon)
   177 | D:1      | Identified the +8 flail of Integrity {drain, Str+3} (Your wizardly powers created it on level 1 of the Dungeon)
   177 | D:1      | Identified the +0 hand crossbow of Eternal Harmony {freeze, rF+} (Your wizardly powers created it on level 1 of the Dungeon)
   177 | D:1      | Identified the +6 hunting sling of Fixation {freeze, *Corrode rC+ Str+4} (Your wizardly powers created it on level 1 of the Dungeon)
   177 | D:1      | Identified the +6 quarterstaff "Uryhaaz" {elec, rF++} (Your wizardly powers created it on level 1 of the Dungeon)
   177 | D:1      | Identified the +10 hand crossbow of Demonkind {penet, Fragile Dex+3 Stlth+} (Your wizardly powers created it on level 1 of the Dungeon)
   177 | D:1      | Identified the +4 fustibalus of Causality {velocity, rPois rF- Str+9 Int-2} (Your wizardly powers created it on level 1 of the Dungeon)
   177 | D:1      | Identified the +7 hunting sling of the Beast {velocity, rF+} (Your wizardly powers created it on level 1 of the Dungeon)
   177 | D:1      | Identified the +1 hand crossbow of Coithenu {elec, Int+2 Dex+3} (Your wizardly powers created it on level 1 of the Dungeon)
   177 | D:1      | Identified the +10 long sword of Jobegg {slice, rN++} (Your wizardly powers created it on level 1 of the Dungeon)
   177 | D:1      | Identified the +10 shortbow of the Forest {flame, +Fly Int+4 Stlth+} (Your wizardly powers created it on level 1 of the Dungeon)
   177 | D:1      | Identified the +11 war axe of Valour {venom, +Blink Str+2} (Your wizardly powers created it on level 1 of the Dungeon)
   177 | D:1      | Identified the +1 rapier "Upejiboh" {freeze, MR+ Str+6 Int-2} (Your wizardly powers created it on level 1 of the Dungeon)
   177 | D:1      | Identified the +9 lajatang "Transmigrator" {speed, +Inv rElec Str+3 Dex-5} (Your wizardly powers created it on level 1 of the Dungeon)
   177 | D:1      | Identified the +8 rapier of Uger {venom, Fragile rElec rF+++ Dex+4} (Your wizardly powers created it on level 1 of the Dungeon)
   177 | D:1      | Identified the +3 lajatang of Punishment {slice, +Inv rPois MR+++ Str-4} (Your wizardly powers created it on level 1 of the Dungeon)
   177 | D:1      | Identified the +3 long sword "Giantbane" {drain, Dex+6} (Your wizardly powers created it on level 1 of the Dungeon)
   177 | D:1      | Identified the +1 hand crossbow of the Wilderness {flame, rElec rC+ Str+6} (Your wizardly powers created it on level 1 of the Dungeon)
   177 | D:1      | Identified the +3 demon whip of Coumed {vamp, +Inv rC+++ rN++ Dex-3} (Your wizardly powers created it on level 1 of the Dungeon)
   177 | D:1      | Identified the +0 war axe "Ewu Luxt" {chop, *Drain rC- rN+++ Str+8} (Your wizardly powers created it on level 1 of the Dungeon)
   177 | D:1      | Quit the game

Vault maps used:
D:1:      roderic_octagonal_star, ashenzari_altar_1

Action                   || total
-------------------------++-------
Melee: Rapier            ||     1
 Stab: Sleeping          ||     1
